 Dungeon Crawl Stone Soup version 0.29.1-12-g30fa7ad0bf (webtiles) character file.

Game seed: 2829667689045020953

667 MisterFreud the Twirler (level 7, -7/55 HPs)
             Began as a Formicid Gladiator on Dec 27, 2022.
             Mangled by a two-headed ogre
             ... wielding a +0 giant club
              (24 damage)
             ... on level 9 of the Dungeon.
             The game lasted 00:05:49 (4628 turns).

MisterFreud the Twirler (Formicid Gladiator)        Turns: 4628, Time: 00:05:50

Health: -7/55      AC: 15    Str: 20    XL:     7   Next: 88%
Magic:  0/7        EV:  7    Int:  8    God:
Gold:   1281       SH:  0    Dex: 15    Spells: 6/6 levels left

rFire   . . .      SeeInvis +   a - +0 quarterstaff
rCold   + . .      Faith    .   (no shield)
rNeg    . . .      Spirit   +   f - +2 plate armour {rC+}
rPois   .          Reflect  .   (helmet unavailable)
rElec   .          Harm     .   s - +0 cloak {Will+}
rCorr   .          Rampage  .   (no gloves)
Will    +....                   (no boots)
Stlth   ..........              o - amulet of guardian spirit
HPRegen 0.18/turn               (no ring)
MPRegen 0.10/turn               (no ring)

@: no status effects
A: permanent stasis, dig shafts and tunnels, antennae 3, four strong arms
a: Dig, Shaft Self


You were on level 9 of the Dungeon.
You visited 1 branch of the dungeon, and saw 8 of its levels.

You collected 1281 gold pieces.

Inventory:

Hand Weapons
 a - a +0 quarterstaff (weapon)
Missiles
 b - 2 poisoned darts
 c - 3 throwing nets (quivered)
 d - a javelin
 e - 4 boomerangs
 p - 4 atropa-tipped darts
Armour
 f - a +2 plate armour of cold resistance (worn)
 s - a +0 cloak of willpower (worn)
Jewellery
 o - an amulet of guardian spirit (around neck)
Scrolls
 g - a scroll of butterflies
Potions
 h - 5 potions of curing
 i - a potion of flight
 j - a potion of lignification {unknown}
 k - a potion of resistance
 l - a potion of heal wounds {unknown}
 m - a potion of berserk rage {unknown}
 n - 2 potions of brilliance
 q - a potion of attraction


   Skills:
 + Level 4.7 Fighting
 - Level 6.0 Staves
 - Level 2.0 Throwing
 - Level 5.0 Armour
 - Level 2.6 Dodging


You had 6 spell levels left.
You didn't know any spells.
Your spell library contained the following spells:

 Spells                   Type           Power      Damage    Failure   Level
 Summon Small Mammal      Summ           0%         N/A       100%        1
 Call Canine Familiar     Summ           0%         N/A       100%        3
 Ozocubu's Armour         Ice            0%         N/A       100%        3
 Summon Guardian Golem    Hex/Summ       0%         N/A       100%        3
 Corpse Rot               Necr/Pois/Air  0%         N/A       100%        4
 Dispel Undead            Necr           0%         3d6       100%        4
 Metabolic Englaciation   Hex/Ice        0%         N/A       100%        5
 Death Channel            Necr           0%         N/A       100%        6
 Simulacrum               Ice/Necr       0%         N/A       100%        6


Dungeon Overview and Level Annotations

Branches:
Dungeon (8/15)               Lair (0/5) D:8
 Temple: D:4-7

Altars:
Makhleb
Qazlal
Wu Jian

Shops:
D:2 (   D:7 !   D:8 :

Annotations:
D:3 3 runed translucent doors, nightchill's ghost, amateur MiFi
D:4 Grinder


Innate Abilities, Weirdness & Mutations

You cannot be hasted, slowed, berserked, paralysed or teleported.
You can dig through walls and to a lower floor.
You have a pair of large antennae on your head. (SInv)
Your four strong arms can wield two-handed weapons with a shield.


Message History

No item to drop.
Okay, then.
Unknown command.
Throw: 5 darts (poison)
Press: ? - help, Shift-Dir - straight line, f/p - two-headed ogre
Aim: a two-headed ogre, wielding two +0 giant clubs (76% to hit)
You throw a poisoned dart.
The poisoned dart hits the two-headed ogre.
The two-headed ogre is poisoned.
Unknown command.
Unknown command.
Throw: 4 darts (poison)
Press: ? - help, Shift-Dir - straight line, f/p - two-headed ogre
Aim: a two-headed ogre, wielding two +0 giant clubs (poisoned, 76% to hit)
You throw a poisoned dart.
The poisoned dart completely misses the two-headed ogre.
Unknown command.
Unknown command.
Throw: 3 darts (poison)
Press: ? - help, Shift-Dir - straight line, f/p - two-headed ogre
Aim: a two-headed ogre, wielding two +0 giant clubs (poisoned, 76% to hit)
You throw a poisoned dart.
The poisoned dart hits the two-headed ogre.
The two-headed ogre looks even sicker.
Unknown command.
You thump the two-headed ogre!
The two-headed ogre is moderately wounded.
The two-headed ogre barely misses you.
The two-headed ogre hits you with a +0 giant club!
You hit the two-headed ogre.
The two-headed ogre is moderately wounded.
The two-headed ogre hits you with a +0 giant club!!
The two-headed ogre hits you with a +0 giant club!
You hit the two-headed ogre.
The two-headed ogre is heavily wounded.
You sock the two-headed ogre!
The two-headed ogre is severely wounded.
The two-headed ogre hits you with a +0 giant club.
The two-headed ogre hits you with a +0 giant club!!
You die...

........#
........#
........#
........#
..(.....#
........#
...O.(..##
#########
#..###
#~~~~~~~#
##O@.##
#~~~~~~~#
###..##
#..~~~~.#
##..#
#...~...#
##.##
#(....(.#
#.!#
#....(...
##.#
#.......#
#.###.......#
#..##...)_..#
##.......♣..#


You could see a two-headed ogre (very poisoned).

Vanquished Creatures
  Maurice (D:8)
  A kobold brigand (D:8)
  An orc priest (D:5)
  Terence (D:3)
  2 orc wizards
  2 gnolls (D:5)
  7 adders
  A worm (D:2)
  5 dart slugs
  8 orcs
  2 endoplasms (D:1)
  2 giant cockroaches
  10 goblins
  3 hobgoblins
  4 jackals (D:3)
  21 kobolds
  3 quokkas
  3 ball pythons (D:2)
  6 bats
  2 frilled lizards
  8 rats
93 creatures vanquished.

Vanquished Creatures (others)
  4 plants (D:3)
4 creatures vanquished.

Grand Total: 97 creatures vanquished

Notes
Turn   | Place    | Note
-------+----------+-------------------------------------------
     0 | D:1      | MisterFreud the Formicid Gladiator began the quest for the
                  | Orb.
     0 | D:1      | Reached XP level 1. HP: 16/16 MP: 1/1
   355 | D:1      | Reached XP level 2. HP: 22/22 MP: 2/2
   558 | D:1      | Reached skill level 4 in Staves
   558 | D:1      | Reached XP level 3. HP: 21/27 MP: 3/3
  1479 | D:2      | Found Joeg's Antique Weapon Boutique.
  1565 | D:2      | Reached skill level 1 in Armour
  1565 | D:2      | Reached XP level 4. HP: 27/32 MP: 4/4
  2083 | D:3      | Found a runed translucent gate.
  2084 | D:3      | Found a runed translucent gate.
  2227 | D:3      | Found a runed translucent gate.
  2251 | D:3      | Reached XP level 5. HP: 29/38 MP: 5/5
  2381 | D:3      | Reached skill level 5 in Staves
  2820 | D:3      | Noticed Terence
  2828 | D:3      | Killed Terence
  2993 | D:3      | Found a stormy altar of Qazlal.
  2994 | D:3      | Found a burning altar of Makhleb.
  3131 | D:3      | Noticed nightchill's ghost (amateur MiFi)
  3193 | D:4      | Reached XP level 6. HP: 22/44 MP: 3/6
  3446 | D:4      | Noticed Grinder
  3454 | D:4      | You fall into a shaft and drop 1 floor!
  3454 | D:5      | Entered Level 5 of the Dungeon
  3656 | D:5      | You fall into a shaft and drop 3 floors!
  3986 | D:8      | Found Lavuppulept's Book Shoppe.
  3988 | D:8      | Identified a scroll of acquirement
  3988 | D:8      | Acquired 1124 gold pieces
  3993 | D:7      | Noticed an ice beast
  3993 | D:7      | Found Jorirph's Distillery.
  3998 | D:7      | Noticed an ice beast
  4083 | D:8      | Noticed Maurice
  4100 | D:8      | Killed Maurice
  4101 | D:8      | Reached skill level 6 in Staves
  4101 | D:8      | Reached skill level 5 in Armour
  4101 | D:8      | Reached XP level 7. HP: 47/54 MP: 5/7
  4358 | D:8      | Noticed a basilisk
  4360 | D:8      | Found a staircase to the Lair.
  4360 | D:8      | Noticed a wyvern
  4360 | D:8      | Noticed a yak
  4372 | D:8      | You fall into a shaft and drop 1 floor!
  4372 | D:9      | Found an ornate altar of the Wu Jian Council.
  4617 | D:9      | Noticed a two-headed ogre
  4628 | D:9      | Mangled by a two-headed ogre

Illustrated notes

Levels and vault maps discovered:
D:1:      minmay_arrival_four_houses, layout_rooms
D:2:      layout_basic, serial_shops, nicolae_square_shop,
          chequers_serial_rivers_marsh, minmay_tree_intersection,
          palyth_stone_intersect, chequers_serial_rivers_large_a
D:3:      layout_rooms, mainiacjoe_overflow_divided_tiny,
          gammafunk_ghost_necromancy, lexackson_kobold_supper, uniq_terence
D:4:      layout_cave_pools, kennysheep_generic_room_13, uniq_eustachio,
          uniq_grinder
D:5:      layout_basic, mainiacjoe_overflow_small_starburst,
          minmay_misc_feat_room, uniq_ijyb, uniq_edmund
D:7:      layout_basic, minivault_4, nicolae_inconvenience_store,
          minmay_strange_pillars, minmay_manual_monolith, uniq_joseph,
          uniq_duvessa
D:8:      layout_layer_cave, david_lair_generic, serial_shops,
          nicolae_diamond_shop, uniq_pikel, uniq_maurice
D:9:      layout_basic, nzn_wu_jian_contemplation, gammafunk_ghost_grave

Skill      XL: |  1  2  3  4  5  6 |
---------------+-------------------+-----
Staves         | 4 5 6 |  6.0
Armour         | 1 2 3 5 |  5.0
Fighting       | 4 |  4.7
Throwing       | |  2.0
Dodging        | |  2.6

Action                   |  1- 3 |  4- 6 |  7- 9 || total
-------------------------+-------+-------+-------++-------
Melee: Quarterstaff      |   105 |   180 |    51 ||   336
       Punch             |       |     2 |       ||     2
Throw: Throwing net      |       |     1 |       ||     1
       Dart              |       |       |     4 ||     4
 Abil: Shaft Self        |       |     2 |     2 ||     4
  Use: Scroll            |     4 |     5 |     5 ||    14
       Potion            |       |     1 |       ||     1
 Stab: Sleeping          |     2 |       |       ||     2
Armor: Leather armour    |    20 |       |       ||    20
       Plate armour      |    23 |   140 |    23 ||   186
Dodge: Dodged            |    59 |    61 |    22 ||   142
